 Dungeon Crawl Stone Soup version 0.29-a0-330-g52719c12eb (webtiles) character file.

Game seed: 16237042321294870962

125927 Charly the Slayer (level 16, -3/197 HPs)
             Began as an Ogre Berserker on Apr 27, 2022.
             Was a High Priest of Trog.
             Succumbed to a redback's poison
             ... on level 1 of the Spider Nest.
             The game lasted 01:12:23 (30239 turns).

Charly the Slayer (Ogre Berserker)                 Turns: 30239, Time: 01:12:23

Health: -3/197     AC: 19    Str: 31    XL:     16   Next: 97%
Magic:  25/25      EV:  8    Int: 10    God:    Trog [*****.]
Gold:   574        SH: 16    Dex: 11    Spells: 15/15 levels left

rFire   + + .      SeeInvis .   a - +2 demon whip (venom)
rCold   . . .      Faith    .   X - +3 tower shield {rC+}
rNeg    + + .      Spirit   .   D - +5 fire dragon scales
rPois   +          Reflect  .   (helmet restricted)
rElec   +          Harm     .   M - +0 cloak of Wonder {Fly rElec rF- rN+}
rCorr   +          Rampage  +   (gloves unavailable)
Will    +++..                   (boots unavailable)
Stlth   ..........              Z - amulet "Ruiqyid" {Rampage rC+ Regen+}
HPRegen 2.22/turn               p - ring "Vosetaos" {rPois MP+9 Int+2}
MPRegen 0.19/turn               C - ring "Anil Xais" {Fire rN+ rCorr Dex+3}

@: lethally poisoned (-3 -> -29), strong-willed, on berserk cooldown, flying,
regenerating, slowed, very slow
A: large, unfitting armour, tough skin 1
a: Renounce Religion, Berserk, Trog's Hand, Brothers in Arms


You were on level 1 of the Spider Nest.
You worshipped Trog.
Trog was extremely pleased with you.
You visited 4 branches of the dungeon, and saw 24 of its levels.
You also visited: Sewer and Ice Cave.

You collected 2110 gold pieces.
You spent 1536 gold pieces at shops.

Inventory:

Hand Weapons
 a - a +2 demon whip of venom (weapon)
 b - a +1 demon whip of freezing
Missiles
 o - a throwing net
 t - 2 curare-tipped darts
Armour
 D - +5 fire dragon scales (worn)
 M - the +0 cloak of Wonder (worn) {Fly rElec rF- rN+}
   (You acquired it on level 3 of the Lair of Beasts)

   rF:        It makes you vulnerable to fire.
   rElec:     It insulates you from electricity.
   rN:        It protects you from negative energy.
   Fly:       It grants you flight.
 X - a +3 tower shield of cold resistance (worn)
Jewellery
 c - a ring of protection from cold
 i - a ring of see invisible
 m - a ring of willpower
 p - the ring "Vosetaos" (left hand) {rPois MP+9 Int+2}
   (You bought it in a shop on level 2 of the Orcish Mines)

   [ring of magical power]

   Int:       It affects your intelligence (+2).
   rPois:     It protects you from poison.
   MP:        It affects your magic capacity (+9).
 C - the ring "Anil Xais" (right hand) {Fire rN+ rCorr Dex+3}
   (You found it on level 8 of the Dungeon)

   [ring of fire]

   It enhances your fire magic.
   Dex:       It affects your dexterity (+3).
   rF:        It protects you from fire.
   rC:        It makes you vulnerable to cold.
   rN:        It protects you from negative energy.
   rCorr:     It protects you from acid and corrosion.
 W - the amulet of Qasidiho {rC++ Regen+ Int+4 Slay+3}
   (You acquired it on level 5 of the Lair of Beasts)

   [amulet of regeneration]

   Int:       It affects your intelligence (+4).
   Slay:      It affects your accuracy & damage with ranged weapons and melee
   (+3).
   rC:        It greatly protects you from cold.
   Regen:     It increases your rate of health regeneration.
 Z - the amulet "Ruiqyid" (around neck) {Rampage rC+ Regen+}
   (You found it in an ice cave)

   [amulet of regeneration]

   rC:        It protects you from cold.
   Regen:     It increases your rate of health regeneration.
   Rampage:   It bestows one free step when moving towards enemies.
Wands
 v - a wand of polymorph (6)
 y - a wand of charming (19)
 G - a wand of flame (13)
 H - a wand of mindburst (9)
 K - a wand of iceblast (21)
 T - a wand of digging (3)
Scrolls
 e - a scroll of torment
 f - 11 scrolls of teleportation
 g - 11 scrolls of immolation
 h - 3 scrolls of silence
 n - a scroll of summoning
 q - 2 scrolls of holy word
 r - 5 scrolls of blinking
 u - 3 scrolls of fog
 B - 6 scrolls of vulnerability
 P - 3 scrolls of fear
 S - a scroll of enchant weapon
 U - 9 scrolls of identify
 Y - 2 scrolls of magic mapping
Potions
 d - 13 potions of ambrosia
 j - 3 potions of flight
 l - 8 potions of heal wounds
 s - 11 potions of curing
 w - a potion of resistance
 x - 2 potions of berserk rage
 z - 3 potions of lignification
 A - 5 potions of attraction
 F - 3 potions of cancellation
 I - 4 potions of might
 J - 3 potions of magic
 O - 4 potions of mutation
 R - a potion of haste
 V - 6 potions of invisibility
Miscellaneous
 E - a box of beasts (inert)
 L - a condenser vane (inert)
 N - a tin of tremorstones (inert)


   Skills:
 + Level 21.4 Fighting
 - Level 14.5 Maces & Flails
 + Level 11.4 Armour
 - Level 7.0 Dodging
 * Level 6.0 Shields
 - Level 10.0 Evocations


You had 15 spell levels left.
You didn't know any spells.
Your spell library was empty.

Dungeon Overview and Level Annotations

Branches:
Dungeon (15/15)            Temple (0/1) D:7            Lair (6/6) D:8
 Shoals (0/4) Lair:3       Spider (1/4) Lair:4        Slime (0/5) Lair:6
    Orc (2/2) D:12            Elf (0/3) Orc:2        Vaults (0/5) D:13
 Depths (0/4) D:15          Sewer (visited)           IceCv (visited)

Altars:
Ashenzari
Dithmenos
Hepliaklqana
Kikubaaqudgha
Makhleb
Nemelex Xobeh
Ru
Sif Muna
Trog
Vehumet
Wu Jian
Xom
The Shining One
Beogh
Jiyva
Lugonu

Shops:
D:12 [   Orc:2 ***=*[

Portals:
Abyss: Lair:6
Pandemonium: Orc:2

Annotations:
D:6 3 runed translucent doors, NigelTetley's ghost, novice OpTm


Innate Abilities, Weirdness & Mutations

You are too large for most types of armour.
You have tough skin. (AC +1)


Message History

The redback is severely wounded.
You feel very sick.
The redback bites you but does no damage. x2
You barely miss the redback.
The redback is severely wounded.
You feel very sick.
The redback bites you but does no damage.
You block the redback's attack. The redback completely misses you.
You block the redback's attack.
You thrash the redback!!
You kill the redback!
Trog accepts your kill.
You feel very sick. You block the redback's attack. x2
The redback bites you but does no damage.
You thrash the redback!!
The redback looks as sick as possible!
The redback is almost dead.
You feel very sick.
You kill the redback!
Trog accepts your kill. The redback barely misses you.
You block the redback's attack.
You closely miss the redback.
You feel very sick. The redback bites you!
* * * LOW HITPOINT WARNING * * *
You are lethally poisoned!
The redback poisons you! You block the redback's attack. x2
The redback closely misses you. The redback attacks as you move away!
You block the redback's attack. The redback attacks as you move away!
You block the redback's attack. The redback attacks as you move away!
You block the redback's attack.
* * * LOW HITPOINT WARNING * * *
You feel extremely sick.
You feel a strong urge to attack something.
* * * LOW HITPOINT WARNING * * *
You feel extremely sick.
You are no longer berserk.
You are exhausted.
You feel yourself slow down.
You die...

......#.#..#......
.#......#..#..^.#
#....#.......#..#..
.......†.†..†..†...
........#..#...##.?
.....#.............
#.......†.^^.......
........†##....#...
#^...#.@#)..#=.....
#..#....#†.........
##....#.sss..#...#
#......s...##..#.
#..........##
############


You could see 2 redbacks.

Vanquished Creatures
  An azure jelly (IceCv)
  2 emperor scorpions (Spider:1)
  2 quicksilver oozes (IceCv)
  A stone giant (D:15)
  Azrael (D:15)
  A spark wasp (Spider:1)
  The ghost of heinrich the Spear-Bearer, a journeyman GnCA of Ignis (Orc:1)
  An entropy weaver (shapeshifter) (D:13)
  2 dire elephants (Spider:1)
  Snorg (D:14)
  An ettin (Orc:1)
  A fire dragon (D:13)
  Josephine (D:13)
  Fannar (Orc:1)
  4 hydras
  7 centaur warriors
  8 boulder beetles
  Erolcha (D:13)
  2 demonspawn (Orc:2)
  A death knight (D:13)
  A radroach (Spider:1)
  A catoblepas (Lair:6)
  3 two-headed ogres
  A tengu warrior (D:14)
  6 orc high priests (Orc:2)
  2 death yaks (Lair:3)
  3 thrashing horrors (Lair:6)
  Urug (Lair:1)
  Amaemon (Lair:2)
  5 skeletal warriors (D:15)
  A deep elf archer (Spider:1)
  An orb spider (Spider:1)
  A pharaoh ant (Spider:1)
  6 orc knights
  2 phantasmal warriors (D:13)
  7 orc sorcerers (Orc:2)
  3 deep elf pyromancers
  A harpy (shapeshifter) (D:13)
  3 wolf spiders (Spider:1)
  4 manticores
  9 cyclopes
  14 ugly things
  A moth of wrath (Spider:1)
  14 elephants
  9 black mambas
  2 ice statues (IceCv)
  A rust devil (Orc:2)
  2 gargoyles
  2 smoke demons (Lair:6)
  2 unseen horrors
  11 cane toads
  2 orange demons
  3 rime drakes
  A demonic crawler (Spider:1)
  A freezing wraith (D:13)
  8 komodo dragons
  A yaktaur (D:15)
  2 efreet
  2 ice devils (Orc:2)
  An entropy weaver simulacrum (IceCv)
  A queen bee (Lair:1)
  An ancient zyme (Lair:6)
  6 trolls
  3 polar bears
  A raiju (Spider:1)
  25 slime creatures
  2 tarantellas (Spider:1)
  32 blink frogs
  A snapping turtle (Lair:3)
  2 centaur simulacra
  9 jumping spiders (Spider:1)
  2 spriggans (Lair:6)
  A water elemental (D:15)
  9 wraiths
  A culicivora (Spider:1)
  A yak (shapeshifter) (D:12)
  2 vampires
  2 ynoxinuls (Lair:6)
  42 yaks
  4 wyverns
  2 fire elementals (D:15)
  8 vampire mosquitoes
  7 basilisks
  A neqoxec (Orc:2)
  3 chaos spawn
  10 redbacks
  16 humans (D:13)
  A steam dragon (D:7)
  Menkaure (D:4)
  Edmund (D:5)
  A warg (Orc:2)
  11 small abominations (Lair:6)
  2 large abominations (Lair:6)
  2 acid dragons
  4 demonic crawler simulacra (IceCv)
  Duvessa (D:5)
  13 water moccasins
  6 hell hounds (D:15)
  2 black bears
  28 orc warriors
  3 ugly thing simulacra (IceCv)
  A sky beast (D:5)
  An ice beast (D:7)
  5 centaurs
  4 boggarts (D:14)
  9 ogres
  6 wolves
  A phantom (D:5)
  8 bullfrogs
  3 kobold brigands
  2 scorpions (D:6)
  2 necrophages
  A glowing shapeshifter simulacrum (IceCv)
  3 wights (D:9)
  Dowan (D:5)
  31 killer bees
  An electric eel (D:9)
  7 howler monkeys
  24 orc priests
  2 jellies
  3 gnoll shamans
  7 hounds
  4 iguanas
  19 orc wizards
  6 hell rats (Lair:5)
  Robin (D:3)
  20 gnolls
  10 adders
  A river rat (Sewer)
  A shadow imp (D:5)
  A white imp (D:6)
  An ufetubus (D:4)
  4 worms
  5 dart slugs
  63 orcs
  7 ball pythons
  7 endoplasms
  4 giant cockroaches
  9 hobgoblins
  A jackal (Sewer)
  5 quokkas
  8 bats
  A frilled lizard (D:1)
  13 goblins
  22 kobolds
  6 rats
792 creatures vanquished.

Vanquished Creatures (collateral kills)
  A torpor snail (Lair:3)
  A bullfrog (Lair:3)
2 creatures vanquished.

Vanquished Creatures (others)
  A deep elf knight (Spider:1)
  A blink frog (Lair:6)
  2 demonic crawler simulacra (IceCv)
  A bush (Lair:5)
  19 fungi
  12 plants
  A withered plant (D:8)
37 creatures vanquished.

Grand Total: 831 creatures vanquished

Notes
Turn   | Place    | Note
-------+----------+-------------------------------------------
     0 | D:1      | Charly the Ogre Berserker began the quest for the Orb.
     0 | D:1      | Reached XP level 1. HP: 24/24 MP: 1/1
   326 | D:1      | Reached XP level 2. HP: 16/32 MP: 2/2
   982 | D:1      | Reached XP level 3. HP: 30/40 MP: 3/3
  2029 | D:2      | Reached XP level 4. HP: 45/49 MP: 4/4
  2656 | D:3      | Reached skill level 5 in Fighting
  3188 | D:3      | Noticed Robin
  3223 | D:3      | Killed Robin
  3437 | D:3      | Reached ** piety under Trog
  3462 | D:3      | Reached XP level 5. HP: 50/57 MP: 5/5
  3615 | D:3      | Found a radiant altar of Vehumet.
  4248 | D:4      | Noticed an ogre
  4252 | D:4      | Killed an ogre
  4253 | D:4      | Reached skill level 6 in Fighting
  4253 | D:4      | Reached skill level 5 in Maces & Flails
  4253 | D:4      | Reached XP level 6. HP: 67/67 MP: 6/6
  4920 | D:4      | Noticed Menkaure
  4929 | D:4      | Killed Menkaure
  4930 | D:4      | Reached XP level 7. HP: 74/76 MP: 7/7
  5006 | D:4      | Reached skill level 7 in Fighting
  5612 | D:5      | Entered Level 5 of the Dungeon
  5743 | D:5      | Noticed Edmund
  5755 | D:5      | Killed Edmund
  5756 | D:5      | Reached XP level 8. HP: 88/88 MP: 8/8
  5797 | D:5      | Noticed a yak
  5801 | D:5      | Noticed a yak
  5804 | D:5      | Noticed a yak
  5806 | D:5      | Noticed a yak
  5809 | D:5      | Noticed a yak
  5812 | D:5      | Killed a yak
  5813 | D:5      | Reached skill level 8 in Fighting
  6087 | D:5      | Found a glowing drain.
  6102 | D:5      | Killed a yak
  6108 | D:5      | Killed a yak
  6112 | D:5      | Killed a yak
  6113 | D:5      | Reached skill level 9 in Fighting
  6115 | D:5      | Killed a yak
  6116 | D:5      | Reached XP level 9. HP: 98/98 MP: 9/9
  6138 | Sewer    | Entered a sewer
  6387 | Sewer    | Found a white marble altar of Elyvilon.
  6548 | D:5      | Reached *** piety under Trog
  6703 | D:5      | Found a burning altar of Makhleb.
  6741 | D:5      | Reached skill level 10 in Fighting
  7054 | D:5      | Noticed Duvessa
  7055 | D:5      | Noticed Dowan
  7074 | D:5      | Killed Duvessa
  7075 | D:5      | Reached skill level 10 in Maces & Flails
  7153 | D:5      | Killed Dowan
  7460 | D:5      | Found an ornate altar of the Wu Jian Council.
  7629 | D:6      | Reached skill level 11 in Fighting
  7791 | D:6      | Reached XP level 10. HP: 113/113 MP: 10/10
  7816 | D:6      | Found a shadowy altar of Dithmenos.
  8221 | D:6      | Found a runed translucent gate.
  8221 | D:6      | Found a runed translucent gate.
  8221 | D:6      | Found a runed translucent gate.
  8221 | D:6      | Noticed NigelTetley's ghost (novice OpTm)
  8226 | D:6      | Noticed a kobold demonologist
  8992 | D:7      | Found a hazy altar of Hepliaklqana.
  9006 | D:7      | Reached **** piety under Trog
  9146 | D:7      | Found a staircase to the Ecumenical Temple.
  9547 | D:7      | Found a glowing golden altar of the Shining One.
  9593 | D:7      | Found a sacrificial altar of Ru.
  9605 | D:7      | Found a shimmering blue altar of Sif Muna.
  9934 | D:8      | Found a staircase to the Lair.
 10027 | D:8      | Reached skill level 12 in Fighting
 10357 | D:8      | Identified the ring "Anil Xais" {Fire rN+ rCorr Dex+3}
 10393 | D:8      | Found an ancient bone altar of Kikubaaqudgha.
 10518 | D:8      | Found a broken altar of Ashenzari.
 11185 | D:9      | Found a shimmering altar of Xom.
 11348 | D:9      | Found a shimmering altar of Xom.
 11349 | D:9      | Noticed a cane toad
 11351 | D:9      | Found a shimmering altar of Xom.
 11353 | D:9      | a cane toad changed into a polar bear
 11363 | D:9      | Reached skill level 1 in Evocations
 11594 | D:9      | Noticed a shock serpent
 11608 | D:9      | Noticed an anaconda
 11612 | D:9      | Noticed a salamander
 11629 | D:9      | Found a sparkling altar of Nemelex Xobeh.
 12009 | D:9      | Reached XP level 11. HP: 124/124 MP: 11/11
 12241 | D:9      | Found a bloodstained altar of Trog.
 12464 | D:9      | Noticed a steelbarb worm
 12668 | D:9      | Noticed a fire crab
 12668 | D:9      | Noticed a radroach
 12697 | D:10     | Entered Level 10 of the Dungeon
 12963 | D:10     | Reached skill level 13 in Fighting
 13248 | D:10     | Noticed a two-headed ogre
 13253 | D:10     | Killed a two-headed ogre
 13601 | D:11     | Identified the +3 scale mail of Vaumny {rC+}
 13733 | D:11     | Noticed a cyan ugly thing
 13739 | D:11     | Killed a cyan ugly thing
 14141 | D:11     | Noticed a cyan ugly thing
 14153 | D:11     | Killed a cyan ugly thing
 14758 | Lair:1   | Entered Level 1 of the Lair of Beasts
 15003 | Lair:1   | Reached skill level 14 in Fighting
 15012 | Lair:1   | Reached XP level 12. HP: 139/139 MP: 12/12
 15231 | Lair:1   | Noticed Urug
 15237 | Lair:1   | Killed Urug
 15243 | Lair:1   | Reached skill level 5 in Evocations
 15413 | Lair:1   | Reached skill level 1 in Armour
 16357 | Lair:1   | Reached ***** piety under Trog
 16789 | Lair:2   | Noticed Amaemon
 16801 | Lair:2   | Killed Amaemon
 16895 | Lair:2   | Reached skill level 15 in Fighting
 16995 | Lair:2   | Noticed a boulder beetle
 17014 | Lair:2   | Killed a boulder beetle
 17595 | Lair:3   | Noticed a death yak
 17608 | Lair:3   | Noticed a death yak
 17613 | Lair:3   | Killed a death yak
 17624 | Lair:3   | Killed a death yak
 17625 | Lair:3   | Reached XP level 13. HP: 150/150 MP: 13/13
 17640 | Lair:3   | Reached skill level 5 in Dodging
 18179 | Lair:3   | Identified a scroll of acquirement
 18180 | Lair:3   | Acquired the +0 cloak of Wonder {Fly rElec rF- rN+}
 18637 | Lair:3   | Found a staircase to the Shoals.
 19453 | Lair:4   | Reached skill level 16 in Fighting
 19768 | Lair:4   | Found a hole to the Spider Nest.
 19985 | Lair:5   | Reached skill level 5 in Armour
 21215 | Lair:5   | Acquired the amulet of Qasidiho {rC++ Regen+ Int+4 Slay+3}
 21387 | Lair:6   | Entered Level 6 of the Lair of Beasts
 21402 | Lair:6   | Reached skill level 17 in Fighting
 21562 | Lair:6   | Reached XP level 14. HP: 132/166 MP: 14/14
 21693 | Lair:6   | Found a viscous altar of Jiyva.
 21693 | Lair:6   | Found a staircase to the Slime Pits.
 21810 | Lair:6   | Received a gift from Trog
 22033 | Lair:6   | Identified the +3 robe of Etyeh {+Blink rElec Int+4 Dex-4}
 22349 | Lair:6   | Identified the +1 falchion "Zyukull" {vamp, +Blink Will++
                  | Str+4 Dex-3}
 22356 | Lair:6   | Reached skill level 18 in Fighting
 22678 | Lair:6   | Found a corrupted altar of Lugonu.
 22678 | Lair:6   | Found a one-way gate to the infinite horrors of the Abyss.
 23361 | D:12     | Found a staircase to the Orcish Mines.
 23518 | D:12     | Identified the -3 helmet "Xuiphies" {Int+2}
 23527 | D:12     | Found Vousm's Armour Boutique.
 23992 | D:13     | Found a gate to the Vaults.
 23998 | D:13     | Identified the +3 great mace of Zaniyh {vorpal, rC- rN++
                  | Str+4} (Trog gifted it to you on level 13 of the Dungeon)
 23998 | D:13     | Received a gift from Trog
 23999 | D:13     | Reached XP level 15. HP: 179/179 MP: 15/15
 24000 | D:13     | Reached skill level 19 in Fighting
 24000 | D:13     | Reached skill level 10 in Evocations
 24240 | D:13     | Noticed Erolcha
 24245 | D:13     | Killed Erolcha
 24624 | D:13     | Noticed Josephine
 24628 | D:13     | Killed Josephine
 25399 | D:14     | Reached skill level 20 in Fighting
 25515 | D:14     | Reached skill level 10 in Armour
 25515 | D:14     | 9ev
 25601 | D:14     | Found a broken altar of Ashenzari.
 25734 | D:14     | Noticed Snorg
 25742 | D:14     | Killed Snorg
 25827 | D:15     | Entered Level 15 of the Dungeon
 25983 | D:15     | Found a faded altar of an unknown god.
 25983 | D:15     | Found a hazy altar of Hepliaklqana.
 25985 | D:15     | Found a faded altar of an unknown god.
 26055 | D:15     | Noticed Azrael
 26070 | D:15     | Killed Azrael
 26087 | D:15     | Received a gift from Trog
 26234 | D:15     | Found a staircase to the Depths.
 26509 | D:15     | Reached XP level 16. HP: 188/195 MP: 16/16
 26732 | Orc:1    | Entered Level 1 of the Orcish Mines
 26860 | Orc:1    | Found a runed translucent door.
 26866 | Orc:1    | Noticed heinrich's ghost (journeyman GnCA)
 26881 | Orc:1    | Killed heinrich's ghost
 27003 | Orc:1    | Noticed Fannar
 27016 | Orc:1    | Killed Fannar
 27241 | Orc:2    | Entered Level 2 of the Orcish Mines
 27376 | Orc:2    | Found Goqigg's Specific Store.
 27376 | Orc:2    | Found Noraack's General Store.
 27434 | Orc:2    | Received a gift from Trog
 27529 | Orc:2    | Found a frozen archway.
 27550 | IceCv    | Entered an ice cave
 27865 | IceCv    | Reached skill level 1 in Shields
 27995 | IceCv    | Found a viscous altar of Jiyva.
 27995 | IceCv    | Noticed an azure jelly
 28003 | IceCv    | Killed an azure jelly
 28119 | IceCv    | Identified the amulet "Ruiqyid" {Rampage rC+ Regen+}
 28325 | Orc:2    | Found a staircase to the Elven Halls.
 28480 | Orc:2    | Found Zaibapt's General Store.
 28480 | Orc:2    | Found Dunteuwe's General Store.
 28495 | Orc:2    | Received a gift from Trog
 28748 | Orc:2    | Reached skill level 21 in Fighting
 28808 | Orc:2    | Found Omunk's Antique Armour Shop.
 28808 | Orc:2    | Found Corgheurgh's Jewellery Boutique.
 28808 | Orc:2    | Found a one-way gate leading to the halls of Pandemonium.
 29365 | Orc:2    | Bought the ring "Vosetaos" {rPois MP+9 Int+2} for 424 gold
                  | pieces
 29396 | Orc:2    | Bought a potion of resistance for 110 gold pieces
 29396 | Orc:2    | Bought a potion of curing for 33 gold pieces
 29396 | Orc:2    | Bought a scroll of teleportation for 33 gold pieces
 29398 | Orc:2    | Bought a scroll of blinking for 112 gold pieces
 29398 | Orc:2    | Bought a tin of tremorstones (2/2) for 600 gold pieces
 29456 | Orc:2    | Bought a scroll of silence for 112 gold pieces
 29456 | Orc:2    | Bought a scroll of enchant armour for 112 gold pieces
 29676 | Spider:1 | Entered Level 1 of the Spider Nest
 29786 | Spider:1 | Reached skill level 5 in Shields
 30186 | Spider:1 | Received a gift from Trog
 30237 | Spider:1 | HP: 11/295 [poisoned by a redback]
 30238 | Spider:1 | HP: 4/295 [poisoned by a redback]
 30239 | Spider:1 | Succumbed to a redback's poison

Illustrated notes

#...$..#
#......#
#......#
#......#
#......#
+......#
#..)...#
#...@..#
####†###
. #.#
#+###
#.#
....#
#.#
....#
#<#
....#
#.##
....#
#..#
....#
##.#


Turn 25515 on D:14: 9ev

Levels and vault maps discovered:
D:1:      nicolae_arrival_washed_ashore, layout_loops_ring,
          roderic_serpentine_path, hex_medium
D:2:      kb_forest_paths, layout_basic, minivault_4
D:3:      layout_rooms, nicolae_vehumet_altar_sigil, kennysheep_small_spiral,
          uniq_robin
D:4:      layout_loops_cross, kennysheep_pointless_box, feat_on_display,
          uniq_menkaure
D:5:      layout_gridville, makhleb_heckhound_becter, general_overflow_altar,
          gup_sewer_entry_glass, uniq_duvessa, uniq_edmund
D:6:      layout_gridville, mainiacjoe_overflow_alcove_4,
          gammafunk_ghost_nasty_kobolds, dk_noncrumbling_3
D:7:      layout_loops_ring, mainiacjoe_overflow_concentric_impassable,
          tso_oasis_becter, amethyst_overflow_temple_binary,
          minmay_temple_entry_mini_moons
D:8:      layout_basic, kiku_gazebo_garden_becter, old_standard_altar,
          dpeg_oklobed_lair
D:9:      layout_cave_pods, marbit_many_paths, xom_shifter_show,
          mainiacjoe_overflow_six_doors_small, fountainhead, minivault_10
D:10:     layout_long_grid
D:11:     layout_stronghold
D:12:     layout_roguey, orc_0_dummy, serial_shops, nicolae_take_the_stairs,
          chequers_serial_rivers_micro_a
D:13:     layout_roguey, david_vaults_3, uniq_josephine, uniq_erolcha
D:14:     layout_roguey, evilmike_ruin_ashenzari, uniq_snorg
D:15:     grunt_enter_depths_giant_problem, layout_basic,
          nicolae_hepliaklqana_ecumenical_no_more, uniq_azrael
Lair:1:   layout_loops_ring, special_room [special_room_bee],
          grunt_megastairs_3, uniq_urug
Lair:2:   layout_hall_layers, uniq_amaemon
Lair:3:   layout_misc_corridors, minmay_shoals_entry_hut
Lair:4:   layout_long_grid, nicolae_spider_entry_orb_guardian,
          eino_small_chamber_without_monster
Lair:5:   layout_concentric_octagons
Lair:6:   hellmonk_lair_end_abyssal_woods, layout_gridlike, slime_altar_1
Spider:1: layout_spider_delve, nicolae_spider_circle_web,
          beargit_elvish_explorers
Orc:1:    layout_caves, basic_altar, ebering_ghost_reflecting_pool,
          hellmonk_bongcloud_opening, uniq_fannar
Orc:2:    pf_orc_diabolical, layout_diamond_mine, portal_ice_cave_demonic_guard,
          nicolae_specific_store

Skill      XL: |  1  2  3  4  5  6  7  8  9 10 11 12 13 14 15 16 |
---------------+-------------------------------------------------+-----
Maces & Flails | 3 4 5 6 7 8 10 12 13 14 | 14.5
Fighting       | 5 6 7 9 11 12 14 15 17 18 20 21 | 21.4
Evocations     | 2 4 6 8 9 10 | 10.0
Dodging        | 4 5 6 7 |  7.0
Armour         | 3 6 8 10 11 | 11.4
Shields        | 6 |  6.0

Action                   |  1- 3 |  4- 6 |  7- 9 | 10-12 | 13-15 | 16-18 || total
-------------------------+-------+-------+-------+-------+-------+-------++-------
Melee: Mace              |   123 |   128 |       |       |       |       ||   251
       Punch             |     1 |     2 |       |     1 |     1 |       ||     5
       Giant spiked club |       |    59 |    42 |       |       |       ||   101
       Dire flail        |       |       |   156 |   602 |   941 |   173 ||  1872
       Demon whip        |       |       |       |     8 |    64 |   453 ||   525
Throw: Dart              |       |     6 |     3 |       |       |       ||     9
Invok: Berserk           |     4 |     8 |    12 |    20 |    16 |    15 ||    75
       Trog's Hand       |       |       |     1 |       |     1 |     1 ||     3
Evoke: Condenser vane    |       |       |       |     1 |     2 |     2 ||     5
       Wand              |       |       |       |       |     4 |     2 ||     6
       Tin of tremorston |       |       |       |       |       |     2 ||     2
       Box of beasts     |       |       |       |       |       |     1 ||     1
  Use: Scroll            |     3 |     8 |     7 |    14 |     8 |     2 ||    42
       Potion            |       |     1 |       |     1 |       |     1 ||     3
 Stab: Sleeping          |       |       |     1 |       |       |       ||     1
       Petrified         |       |       |       |       |     5 |       ||     5
       Petrifying        |       |       |       |       |     1 |       ||     1
Armor: Animal skin       |    30 |    48 |    22 |       |       |       ||   100
       Robe              |       |       |       |    26 |       |       ||    26
       Fire dragon scale |       |       |       |   163 |   360 |   303 ||   826
Dodge: Dodged            |    54 |   112 |   122 |   216 |   331 |   164 ||   999
Block: Tower shield      |       |       |       |       |       |   342 ||   342

Table legend: (Time is in decaauts)
 A = Elapsed time spent in this place.
 B = Non-inter-level travel time spent in this place.
 C = Inter-level travel time spent in this place.
 D = Time resting spent in this place.
 E = Time spent auto-exploring this place.
 F = Levels seen in this place.
 G = Mean time per level.
                   A        B        C        D        E       F      G
               +--------+--------+--------+--------+--------+-----+--------+
         Total |  30178 |  28846 |   1332 |   2336 |  21441 |  26 | 1160.7 |
       Dungeon |  18260 |  17505 |    755 |   2164 |  12666 |  15 | 1217.3 |
          Lair |   8247 |   7910 |    337 |     97 |   6630 |   6 | 1374.5 |
   Spider Nest |    549 |    549 |      0 |     20 |    309 |   1 |  549.0 |
  Orcish Mines |   2044 |   1806 |    238 |     12 |   1165 |   2 | 1022.0 |
         Sewer |    370 |    370 |      0 |      0 |    273 |   1 |  370.0 |
      Ice Cave |    707 |    707 |      0 |     43 |    397 |   1 |  707.0 |
               +--------+--------+--------+--------+--------+-----+--------+

Top non-repeatable levels by time:
  Lair:1: 1868 daAuts
     D:9: 1695 daAuts
  Lair:3: 1681 daAuts
     D:3: 1675 daAuts
     D:4: 1631 daAuts
  Lair:6: 1525 daAuts
     D:2: 1511 daAuts
  Lair:5: 1436 daAuts
   Orc:2: 1428 daAuts
     D:6: 1424 daAuts
     D:5: 1318 daAuts
     D:8: 1299 daAuts
     D:1: 1288 daAuts
    D:11: 1140 daAuts
    D:13: 1126 daAuts
